 Dungeon Crawl Stone Soup version 0.25.1-2-g60ff931df9 (webtiles) character file.

Game seed: 12921030370424004879

94 Martska the Changer (level 4, -2/38 HPs)
             Began as a Naga Transmuter on Oct 16, 2020.
             Slain by an orc
             ... wielding a +0 hand axe
              (7 damage)
             ... on level 3 of the Dungeon.
             The game lasted 00:05:05 (3435 turns).

Martska the Changer (Naga Transmuter)               Turns: 3435, Time: 00:05:06

Health: -2/38      AC:  2    Str: 13    XL:     4   Next: 63%
Magic:  0/7        EV: 10    Int: 14    God:
Gold:   101        SH:  0    Dex: 11    Spells: 6/7 levels left

rFire    . . .     SeeInvis +   k - +1 short sword
rCold    . . .     Gourm    .   (no shield)
rNeg     . . .     Faith    .   b - +0 robe
rPois    +         Spirit   +   (no helmet)
rElec    .         Reflect  .   (no cloak)
rCorr    .         Harm     .   (no gloves)
MR       .....                  (no barding)
Stlth    +.........             h - amulet of guardian spirit
HPRegen  0.12/turn              e - ring of flight
MPRegen  0.10/turn              (no ring)

@: about to teleport, very slow
A: large, see invisible, deformed body, poison resistance, slowness 2, slow
metabolism 1, spit poison 1, AC +1
a: Spit Poison, Evoke Flight


You were on level 3 of the Dungeon.
You were not hungry.

You visited 1 branch of the dungeon, and saw 3 of its levels.

You collected 101 gold pieces.

Inventory:

Hand Weapons
 j - a +0 dagger
 k - a +1 short sword (weapon)
Missiles
 a - 12 arrows
Armour
 b - a +0 robe (worn)
Jewellery
 e - a ring of flight (left hand)
 h - an amulet of guardian spirit (around neck)
Scrolls
 g - a scroll of amnesia {unknown}
 i - a scroll of enchant weapon
 l - a scroll of remove curse
 n - a scroll of identify {unknown}
 o - a scroll of teleportation
 q - a scroll of random uselessness {unknown}
 r - a scroll of immolation {unknown}
Potions
 c - 5 potions of curing {unknown}
 f - a potion of flight {unknown}
 m - a potion of haste {unknown}
Comestibles
 d - 6 rations
 p - 6 chunks of flesh


   Skills:
 - Level 1.0 Fighting
 - Level 1.5 Dodging
 - Level 3.0 Unarmed Combat
 - Level 2.0 Spellcasting
 * Level 4.7 Transmutations


You had 6 spell levels left.
You knew the following spells:

 Your Spells              Type           Power        Failure   Level  Hunger
a - Beastly Appendage     Tmut           ##....       3%          1    ##.....

Your spell library contained the following spells:

 Spells                   Type           Power        Failure   Level  Hunger
 Sticks to Snakes         Tmut           ##......     5%          2    ###....
 Spider Form              Tmut/Pois      #.........   26%         3    ####...
 Ice Form                 Ice/Tmut       #.......     65%         4    #####..
 Blade Hands              Tmut           ##........   67%         5    ######.


Dungeon Overview and Level Annotations

Branches:
Dungeon (3/15)

Altars:
Nemelex Xobeh


Innate Abilities, Weirdness & Mutations

You cannot wear boots.
Your serpentine skin is tough. (AC +1)
You have supernaturally acute eyesight. (SInv)
Armour fits poorly on your strangely shaped body.
Your system is resistant to poisons. (rPois)
You cover ground very slowly.
You have a slow metabolism.
You can spit poison.


Message History

Aim: an orc, wielding a +0 hand axe and wearing a +0 scale mail The splash of poison hits the orc but does no damage.
The orc is poisoned.
You feel slightly more hungry. The orc closely misses you.
As you read the scroll labeled CYVATH SOLYCUJ, it crumbles to dust.
It is a scroll of enchant weapon.
Your +0 short sword glows red for a moment.
The orc priest mumbles some strange prayers to Beogh against you.
Beogh smites you!
* * * LOW HITPOINT WARNING * * *
The orc hits you with a +0 hand axe.
* * * LOW HITPOINT WARNING * * *
As you read the scroll labeled JEHUXEE RALALOSOA, it crumbles to dust.
You feel blessed for a moment.
It was a scroll of remove curse.
You have got your breath back.
The orc closely misses you.
As you read the scroll labeled VOULLI OFRAF, it crumbles to dust.
You feel strangely unstable.
It was a scroll of teleportation.
The orc priest looks braver for a moment.
The orc hits you with a +0 hand axe!
You die...

#......# #......#
#......# #......#
#......# ###+###
#......# .......
#......# .......
########......###o......
>......'......'@ooo.....
########......###b......
####......# ?......
#....รท.#### .......
#......# #######
#......# #.[....#
#......# ####......#


You could see an orc priest, 3 orcs and a bat.

Vanquished Creatures
  An adder (D:2)
  2 oozes
  4 worms (D:2)
  2 leopard geckos
  6 orcs (D:3)
  2 giant cockroaches
  8 goblins
  4 hobgoblins
  6 jackals
  5 bats
  4 frilled lizards
  7 kobolds
  4 rats
55 creatures vanquished.

Notes
Turn   | Place    | Note
-------+----------+-------------------------------------------
     0 | D:1      | Martska the Naga Transmuter began the quest for the Orb.
     0 | D:1      | Reached XP level 1. HP: 18/18 MP: 3/3
   228 | D:1      | Reached XP level 2. HP: 11/25 MP: 5/5
   907 | D:2      | Reached skill level 3 in Transmutations
  1334 | D:2      | Reached XP level 3. HP: 25/31 MP: 4/6
  2072 | D:2      | Reached skill level 4 in Transmutations
  2432 | D:2      | Reached XP level 4. HP: 20/38 MP: 4/7
  2714 | D:3      | Found a faded altar of an unknown god.
  3298 | D:3      | Found a sparkling altar of Nemelex Xobeh.
  3435 | D:3      | Slain by an orc

Illustrated notes

Levels and vault maps discovered:
D:1:      nzn_arrival_depleted_hourglass, layout_rooms
D:2:      layout_loops_ring
D:3:      layout_basic, chequers_ecumenical_altar_simple_redux,
          nemelex_dance_club_becter

Skill      XL: |  1  2  3 |
---------------+----------+-----
Transmutations | 3 4 |  4.7
Fighting       | |  1.0
Dodging        | |  1.5
Unarmed Combat | |  3.0
Spellcasting   | |  2.0

Action                   |  1- 3 |  4- 6 || total
-------------------------+-------+-------++-------
Melee: Unarmed           |    28 |       ||    28
       Short sword       |    95 |    76 ||   171
       Punch             |     2 |     1 ||     3
 Abil: Spit Poison       |    26 |    17 ||    43
  Use: Scroll            |       |     3 ||     3
 Stab: Sleeping          |     1 |     2 ||     3
  Eat: Chunk             |     4 |     4 ||     8
Armor: Robe              |    36 |    22 ||    58
Dodge: Dodged            |    94 |    63 ||   157
